 Dungeon Crawl Stone Soup version 0.13.2 (webtiles) character file.

2365 Cassim the Skirmisher (level 9, -11/64 HPs)
             Began as a Human Summoner on Mar 25, 2021.
             Was an Initiate of Okawaru.
             Killed by divine providence
             ... invoked by an orc priest
              (16 damage)
             ... on Level 7 of the Dungeon on Mar 26, 2021.
             The game lasted 01:38:07 (10279 turns).

Cassim the Skirmisher (Human Summoner)             Turns: 10279, Time: 01:38:07

HP -11/64        AC  7     Str 11      XL: 9   Next: 39%
MP   6/21        EV  8     Int 16      God: Okawaru [......]
Gold 450         SH  0     Dex 14      Spells:  3 memorised, 14 levels left

Res.Fire  : + . .   See Invis. : .   o - +2,+3 mace
Res.Cold  : . . .   Warding    : .   w - +0 orc ring mail
Life Prot.: . . .   Conserve   : .   M - +0 buckler
Res.Poison: .       Res.Corr.  : +   e - +0 helmet
Res.Elec. : .       Clarity    : .   c - +0 cloak
Sust.Abil.: . .     Spirit.Shd : .   (no gloves)
Res.Mut.  : .       Stasis     : .   (no boots)
Res.Rott. : .       Flight     : .   j - amulet of resist corrosion
Saprovore : . . .                    F - ring of protection from fire
                                     E - +0,+4 ring of slaying

@: about to teleport, confused, slowed, very slow, slightly resistant to hostile
enchantments, extremely unstealthy
A: no striking features
a: Renounce Religion


You were on level 7 of the Dungeon.
You worshipped Okawaru.
Okawaru was noncommittal.
You were very hungry.

You visited 2 branches of the dungeon, and saw 8 of its levels.

You collected 430 gold pieces.

Inventory:

Hand weapons
 f - a +0,+0 elven short sword
 o - a +2,+3 mace (weapon)
 z - a +0 blowgun
Missiles
 p - 61 poisoned needles
 G - a throwing net [torn] (quivered)
Armour
 a - a +0 robe
 c - a +0 cloak (worn)
 e - a +0 helmet (worn)
 w - a +0 orcish ring mail (worn)
 M - a +0 buckler (worn)
 P - a +0 cloak
Magical devices
 x - a wand of draining (7)
 R - a wand of magic darts (7) {unknown}
Comestibles
 n - 5 sultanas
 s - a rambutan
 A - a meat ration
 H - a bread ration
 I - a choko
Scrolls
 g - a scroll of blinking {unknown}
 i - a scroll of magic mapping
 l - a scroll of recharging {unknown}
 v - 2 scrolls of teleportation
 y - a scroll of identify
 B - a scroll of amnesia
 D - a scroll of curse weapon {unknown}
 L - a scroll of curse jewellery {unknown}
 N - a scroll of random uselessness {unknown}
 O - a scroll of fog
Jewellery
 j - an amulet of resist corrosion (around neck)
 t - an uncursed ring of sustain abilities {unknown}
 C - a cursed ring of sustenance {unknown}
 E - a +0,+4 ring of slaying (left hand)
 F - a ring of protection from fire (right hand)
Potions
 d - a potion of might {unknown}
 h - a potion of porridge
 k - a potion of restore abilities {unknown}
 m - a potion of invisibility {unknown}
 r - a potion of brilliance {unknown}
 K - a potion of agility {unknown}
Books
 b - a book of Callings

   Spells                             Type                      Level
   *Summon Small Mammal               Summoning                    1
   *Call Imp                          Summoning                    2
   *Call Canine Familiar              Summoning                    3
   Summon Scorpions                   Summoning/Poison             4
   Summon Ice Beast                   Ice/Summoning                4
 q - a book of Wizardry

   Spells                             Type                      Level
   Summon Elemental                   Summoning                    4
   Agony                              Necromancy                   5
   Force Lance                        Conjuration                  5
   Fireball                           Conjuration/Fire             5
   Haste                              Charms                       6
   Invisibility                       Hexes                        6
 J - a book of Summonings

   Spells                             Type                      Level
   Abjuration                         Summoning                    3
   Recall                             Summoning/Translocation      3
   Summon Elemental                   Summoning                    4
   Shadow Creatures                   Summoning                    5
   Summon Demon                       Summoning                    5
   Summon Ugly Thing                  Summoning                    6
 Q - a book of the Warp

   Spells                             Type                      Level
   Recall                             Summoning/Translocation      3
   Control Teleport                   Charms/Translocation         4
   Phase Shift                        Translocation                5
   Warp Weapon                        Charms/Translocation         5
   Dispersal                          Translocation                6
   Controlled Blink                   Translocation                7
   Disjunction                        Translocation                8


   Skills:
 + Level 7.0 Fighting
 + Level 5.8 Maces & Flails
 - Level 2.0 Dodging
 - Level 2.0 Stealth
 + Level 6.1 Spellcasting
 - Level 4.5 Summonings


You had 14 spell levels left.
You knew the following spells:

 Your Spells              Type           Power        Failure   Level  Hunger
a - Summon Small Mammal   Summ           ###.         10%         1    None
b - Call Imp              Summ           ###.......   14%         2    None
c - Call Canine Familiar  Summ           ###.......   24%         3    ###....


Dungeon Overview and Level Annotations

Branches:
Dungeon (7/27)             Temple (1/1) D:5
    Orc: D:6-11

Altars:
Ashenzari
Cheibriados
Elyvilon
Fedhas
Kikubaaqudgha
Nemelex Xobeh
Okawaru
Sif Muna
Trog
Vehumet
Xom
Yredelemnul
Zin
the Shining One

Annotations:
D:4 Menkaure
D:7 Morbidden's ghost, experienced DsFi


Message History

The magic dart hits something.
The orc priest calls upon Beogh to heal the orc wizard.
The orc wizard is healed somewhat.
You hear some strange, mumbled words.
You are confused.
Your crimson imp blinks!
The orc priest prays to Beogh.
You feel troubled.
Are you sure you want to stumble around while confused and next to your ally the crimson imp?
Okay, then.
You're too confused to cast spells.
The orc priest calls upon Beogh to heal the orc wizard.
The orc wizard's wounds heal themselves!
The orc wizard hits your iron imp but does no damage.
The orc wizard barely misses your iron imp.
It barely misses your iron imp. The orc wizard barely misses you.
The orc wizard hits your iron imp but does no damage.
The orc priest invokes the aid of Beogh against you.
Something smites you!
You die...

#.# ######.#............. #.#
#....#.##.###.#######
#.######....#.##.....#######
#.#........f%.#####.........
#.#.####....#######.########
#.#.##............#........p
#.#.##.########....#########
######.#.##.########.#..#########
............o.>o@5...........5...
######.####...o5.....#...........
#...5....#########.#########
##########.# #......# #...ph.#
#.# #.###### #.####.###.# #.# #.#
#.h...# #.# #.# ####### #.# #.#
#.#


You could see an orc priest, 2 orc wizards, a friendly iron imp and 2 friendly
crimson imps.

Vanquished Creatures
  Grinder (D:5)
  Prince Ribbit (D:4)
  A manticore (D:7)
  A black bear (D:6)
  4 centaurs
  5 crimson imps
  4 orc priests
  2 hounds (D:7)
  A jelly (D:6)
  A centaur skeleton (D:7)
  7 worker ants
  An orc wizard (D:5)
  2 iguanas
  An ogre skeleton (D:7)
  10 adders
  6 gnolls
  3 giant mites
  2 worms
  An adder zombie (D:6)
  A giant eyeball (D:6)
  3 oozes
  16 orcs
  10 bats
  2 bat skeletons
  4 giant cockroaches
  15 hobgoblins
  16 jackals
  A ball python (D:4)
  4 giant geckos
  7 giant newts
  A gnoll skeleton (D:5)
  14 goblins
  A goblin skeleton (D:4)
  A hobgoblin skeleton (D:4)
  13 kobolds
  15 rats
178 creatures vanquished.

Vanquished Creatures (collateral kills)
  An orc warrior (D:4)
  Crazy Yiuf (D:4)
  A hound (D:3)
  A worker ant (D:4)
  An orc wizard (D:5)
  A scorpion (D:4)
  An iron imp (D:7)
  2 gnolls
  A giant eyeball (D:4)
  A giant gecko (D:2)
  An orc (D:6)
  A giant cockroach (D:1)
  2 goblins
  2 hobgoblins
  5 jackals
  3 kobolds
  A quokka (D:2)
  A ball python (D:1)
  2 rats
29 creatures vanquished.

Vanquished Creatures (others)
  7 crimson imps
  5 hounds
  3 iron imps
  3 shadow imps
  7 white imps
  12 jackals
  A quokka (D:1)
  2 bats (D:1)
  7 rats (D:1)
47 creatures vanquished.

Grand Total: 254 creatures vanquished

Notes
Turn   | Place    | Note
--------------------------------------------------------------
     0 | D:1      | Cassim, the Human Summoner, began the quest for the Orb.
     0 | D:1      | Reached XP level 1. HP: 13/13 MP: 3/3
   469 | D:1      | Reached skill level 1 in Fighting
   469 | D:1      | Reached XP level 2. HP: 16/19 MP: 4/4
  1309 | D:1      | Reached XP level 3. HP: 16/24 MP: 3/6
  1313 | D:1      | Learned a level 2 spell: Call Imp
  2089 | D:2      | Found a sparkling altar of Nemelex Xobeh.
  2311 | D:2      | Reached XP level 4. HP: 19/31 MP: 1/7
  2442 | D:2      | Learned a level 3 spell: Call Canine Familiar
  3467 | D:3      | Reached XP level 5. HP: 33/36 MP: 6/9
  3607 | D:3      | Reached skill level 1 in Maces & Flails
  4417 | D:4      | Reached XP level 6. HP: 40/43 MP: 12/12
  4430 | D:4      | Noticed Crazy Yiuf
  4453 | D:4      | Killed Crazy Yiuf
  4606 | D:4      | Noticed an orc warrior
  4639 | D:4      | Killed an orc warrior
  5285 | D:4      | Reached XP level 7. HP: 49/49 MP: 8/15
  5555 | D:4      | Paralysed by a giant eyeball for 4 turns
  5731 | D:5      | Entered Level 5 of the Dungeon
  5731 | D:5      | Noticed Menkaure
  5733 | D:5      | Noticed Prince Ribbit
  5762 | D:5      | Noticed Grinder
  5788 | D:4      | HP: 2/49 [Prince Ribbit (15)]
  5789 | D:4      | Killed Prince Ribbit
  6400 | D:5      | Killed Grinder
  6400 | D:5      | Reached XP level 8. HP: 54/56 MP: 2/18
  6427 | D:5      | Found a staircase to the Ecumenical Temple.
  6437 | Temple   | Entered the Ecumenical Temple
  6550 | Temple   | Became a worshipper of Warmaster Okawaru
  6606 | D:5      | Found a basalt altar of Yredelemnul.
  6766 | D:5      | Reached skill level 5 in Fighting
  7683 | D:6      | Reached skill level 5 in Spellcasting
  8059 | D:6      | Reached skill level 6 in Fighting
  8372 | D:6      | Reached skill level 5 in Maces & Flails
  8372 | D:6      | Reached XP level 9. HP: 41/63 MP: 19/21
  8576 | D:6      | Paralysed by a giant eyeball for 2 turns
 10051 | D:7      | Reached skill level 7 in Fighting
 10099 | D:7      | Noticed Morbidden's ghost (experienced DsFi)
 10279 | D:7      | Killed from afar by an orc priest

Action                   |  1- 3 |  4- 6 |  7- 9 || total
-------------------------+-------+-------+-------++-------
Melee: Short sword       |   116 |    43 |       ||   159
       Unarmed           |     4 |       |       ||     4
       Mace              |       |   157 |   340 ||   497
 Cast: Summon Small Mamm |    24 |       |       ||    24
       Call Imp          |     4 |    23 |    32 ||    59
       Call Canine Famil |       |     4 |    24 ||    28
Evoke: Wand              |       |       |     1 ||     1
  Use: Scroll            |       |     4 |    15 ||    19
       Potion            |       |     2 |     5 ||     7
 Stab: Distracted        |     1 |     1 |     1 ||     3
       Sleeping          |     1 |     3 |     1 ||     5
